 Dungeon Sprint DCSS version 0.24.0-125-gc4c63601f3 (webtiles) character file.

Game seed: 9519106695403774853, levelgen mode: deterministic

855 Ponchio the Thaumaturge (level 7, -15/36 HPs)
             Began as a Deep Elf Earth Elementalist on Feb 17, 2020.
             Shot with a bolt by a yaktaur captain (16 damage)
             ... in the Dungeon (Sprint II: "The Violet Keep of Menkaure").
             The game lasted 00:04:51 (774 turns).

Ponchio the Thaumaturge (DEEE)                       Turns: 774, Time: 00:04:51

Health: -15/36     AC:  2    Str:  5    XL:     7   Next: 70%
Magic:  17/27      EV: 13    Int: 22    God:
Gold:   972        SH:  0    Dex: 15    Spells: 20/35 levels left

rFire    . . .     SeeInvis .   (no weapon)
rCold    . . .     Gourm    .   (no shield)
rNeg     . . .     Faith    .   c - +0 robe
rPois    .         Spirit   .   (no helmet)
rElec    .         Reflect  .   (no cloak)
rCorr    .         Harm     .   (no gloves)
MR       .....     NoTele   +   (no boots)
Stlth    +.........             (no amulet)
HPRegen  0.12/turn              (no ring)
MPRegen  0.20/turn              (no ring)

@: very slow
A: no striking features
a: no special abilities


You were in the Dungeon.
You were not hungry.

You visited 1 branch You collected 972 gold pieces.

Inventory:

Missiles
 b - 15 stones (quivered)
Armour
 c - a +0 robe (worn)
Scrolls
 j - a scroll of blinking
Potions
 e - a potion of curing
 f - a potion of heal wounds
 g - a potion of haste
 h - 2 potions of magic
 i - a potion of berserk rage
Comestibles
 d - a ration


   Skills:
 - Level 2.4 Dodging
 - Level 2.4 Stealth
 + Level 14.6 Spellcasting
 - Level 1.1 Transmutations
 + Level 13.4 Earth Magic


You had 20 spell levels left.
You knew the following spells:

 Your Spells              Type           Power        Failure   Level  Hunger
a - Sandblast             Erth           ######       0%          1    None
b - Passwall              Tmut/Erth      #####...     1%          2    None
c - Stone Arrow           Conj/Erth      #####.       1%          3    None
d - Petrify               Tmut/Erth      #####...     1%          4    None
e - Lee's Rapid Deconstr  Erth           ######....   1%          5    ###....

Your spell library contained the following spells:

 Spells                   Type           Power        Failure   Level  Hunger


Dungeon Overview and Level Annotations

Branches:
Dungeon (1/1)

Altars:

Shops:
D [%!([%:!=[[

Annotations:
D exclusion: orange crystal statue


Message History

The wall shatters!
The blast of rock fragments hits the crocodile!!
You kill the crocodile!
You hear a shout!
You hear a trumpeting!
You hear a shout!
A yaktaur captain comes into view.
Casting: Lee's Rapid Deconstruction (safe; 1% risk of failure)
Confirm with . or Enter, or press ? or * to list all spells.
Aiming: Lee's Rapid Deconstruction (safe; 1% risk of failure)
Press: ? - help, Dir - move target cursor A stone wall.
The wall shatters!
The blast of rock fragments hits the yaktaur captain!!
The yaktaur captain is moderately wounded.
The yaktaur captain wields a +0 arbalest.
The yaktaur captain shoots a bolt.
The bolt hits you!!
Ouch! That really hurt!
* * * LOW HITPOINT WARNING * * *
You hear a splash.
The yaktaur captain shoots a bolt.
The bolt hits you!
You die...

## c##
########≈≈#+++#
#######≈≈≈....
......#≈≈≈≈.##+##
.⌠....#≈≈≈≈##.#.##
∩.∩...#≈≈†≈#..#..#
.∩.∩..#(≈####..÷####
∩.∩.∩.#@##.###'###.##
...∩.∩#≈#.#.##.###..#
....∩.+≈'###'.<.'.##+
.....∩#≈#.#.##.###..#
▓▓▓▓###≈##.# #'###.##
h######≈≈#####..####
h# ##≈≈≈#.##..# ≈
+#≈##.#.## ≈≈≈
#≈≈##'##≈≈≈≈§


You could see a yaktaur captain and 2 black bears.

Vanquished Creatures
  2 hippogriffs (D)
  4 necrophages (D)
  A crocodile (D)
  4 worker ants (D)
  3 worms (D)
14 creatures vanquished.

Vanquished Creatures (others)
  Menkaure (D)
  A crocodile (D)
2 creatures vanquished.

Grand Total: 16 creatures vanquished

Notes
Turn   | Place    | Note
-------+----------+-------------------------------------------
     0 | D        | Ponchio the Deep Elf Earth Elementalist began the quest for
                  | the Orb.
     0 | D        | Reached XP level 1. HP: 10/10 MP: 6/6
     1 | D        | Noticed a hippogriff
     1 | D        | Noticed a hippogriff
     6 | D        | Noticed a worker ant
     6 | D        | Noticed a worker ant
     9 | D        | Killed a worker ant
     9 | D        | Reached skill level 5 in Spellcasting
     9 | D        | Reached XP level 2. HP: 15/15 MP: 3/10
    10 | D        | Reached skill level 6 in Spellcasting
    10 | D        | Reached XP level 3. HP: 19/19 MP: 2/12
    12 | D        | Killed a crocodile
    18 | D        | Reached XP level 4. HP: 20/24 MP: 0/14
    19 | D        | Killed Menkaure
   119 | D        | Learned a level 2 spell: Passwall
   123 | D        | Learned a level 3 spell: Stone Arrow
   128 | D        | Learned a level 4 spell: Petrify
   232 | D        | Reached skill level 7 in Spellcasting
   263 | D        | Noticed a necrophage
   263 | D        | Noticed a necrophage
   263 | D        | Noticed a necrophage
   263 | D        | Noticed a necrophage
   270 | D        | Killed a necrophage
   270 | D        | Reached skill level 9 in Spellcasting
   270 | D        | Reached XP level 5. HP: 26/28 MP: 13/19
   275 | D        | Killed a necrophage
   275 | D        | Reached skill level 11 in Spellcasting
   275 | D        | Reached skill level 10 in Earth Magic
   275 | D        | Reached XP level 6. HP: 23/32 MP: 14/22
   366 | D        | Learned a level 5 spell: Lee's Rapid Deconstruction
   375 | D        | Reached skill level 12 in Spellcasting
   641 | D        | Noticed an orange crystal statue
   654 | D        | Found Jitoh's Antique Armour Shop.
   656 | D        | Found Serph's Jewellery Boutique.
   656 | D        | Found Lipusk's Antique Armour Boutique.
   673 | D        | Killed a hippogriff
   673 | D        | Reached skill level 13 in Spellcasting
   673 | D        | Reached XP level 7. HP: 36/36 MP: 14/26
   674 | D        | Killed a hippogriff
   674 | D        | Reached skill level 14 in Spellcasting
   763 | D        | Found Loymisut's Book Shop.
   763 | D        | Found Biatt's Distillery.
   763 | D        | Found Jeamaun's Antique Armour Boutique.
   763 | D        | Found Wabir's Food Boutique.
   763 | D        | Found Dinynab's Distillery.
   763 | D        | Found Wuixkocytz's Antique Weapon Shop.
   768 | D        | Found Heguegua's Food Shop.
   768 | D        | Found Guidahe's Antique Armour Boutique.
   772 | D        | Noticed a yaktaur captain
   773 | D        | HP: 1/36 [yaktaur captain/bolt (35)]
   774 | D        | Shot with a bolt by a yaktaur captain

Levels and vault maps discovered:
D:        the_violet_keep_of_menkaure [sprint2_stairs_cluster_1,
          sprint2_shoproom, sprint2_temple, sprint2_basic_supplies,
          sprint2_obstacle_4, sprint2_obstacle_6, sprint2_obstacle_3,
          sprint2_obstacle_5, sprint2_obstacle_1, sprint2_timed_cluster_1,
          sprint2_smallroom_cluster_1, sprint2_smallroom_final_cluster_1,
          sprint2_transparent_cluster_1, sprint2_second_timed_cluster_1,
          sprint2_sniper_area_1, sprint2_heavy_combat_area_1,
          sprint2_mutation_trap_area_1, sprint2_forest_area_1,
          sprint2_light_combat_area_1, sprint2_behind_water_1,
          sprint2_near_end_vault_1]

Skill      XL: |  1  2  3  4  5  6  7 |
---------------+----------------------+-----
Spellcasting   | 5 6 9 11 13 14 | 14.6
Earth Magic    | 6 7 9 10 12 13 | 13.4
Dodging        | |  2.4
Stealth        | |  2.4
Transmutations | |  1.1

Action                   |  1- 3 |  4- 6 |  7- 9 || total
-------------------------+-------+-------+-------++-------
Melee: Unarmed           |     1 |       |       ||     1
 Cast: Sandblast         |     7 |     8 |       ||    15
       Stone Arrow       |       |    11 |       ||    11
       Lee's Rapid Decon |       |     1 |     4 ||     5
Armor: Robe              |       |     2 |       ||     2
Dodge: Dodged            |     4 |     8 |     2 ||    14
